 Dungeon Crawl Stone Soup version 0.31.0-32-g396128a36d (webtiles) character file.

Game seed: 8163266695475589299

311 TacoSundae the Ruffian (level 6, -3/57 HPs)
             Began as an Octopode Shapeshifter on Apr 7, 2024.
             Slain by an ogre
             ... wielding a +0 giant club
              (24 damage)
             ... on level 4 of the Dungeon.
             The game lasted 00:05:05 (2283 turns).

TacoSundae the Ruffian (Octopode Shapeshifter)      Turns: 2283, Time: 00:05:05

Health: -3/57      AC: 23    Str: 14    XL:     6   Next: 42%
Magic:  6/6        EV:  2    Int: 12    God:
Gold:   275        SH:  0    Dex: 13    Spells: 5/5 levels left

rFire   . .          .
                       - Unarmed
rCold   . . .        (no shield)
rNeg    . . .        (helmet currently unavailable)
rPois   +            q - amulet of magic regeneration
rElec   .            (no ring)
rCorr   .            (no ring)
SInv    .            (no ring)
Will    .....        (no ring)
Stlth   +            (no ring)
HPRegen 0.29/turn    (no ring)
MPRegen 0.50/turn    (no ring)
                     (no ring)

%: no passive effects
@: tree-form
A: stationary, stasis, torment immunity, boosted hp, almost no armour,
(amphibious), 8 rings, (camouflage 1), (gelatinous body 1), (nimble swimmer 1),
(tentacles)
a: no special abilities


You were on level 4 of the Dungeon.
You were a tree.
You visited 1 branch of the dungeon, and saw 4 of its levels.

You collected 289 gold pieces.
You spent 14 gold pieces at shops.

Inventory:

Missiles
 k - 7 poisoned darts (quivered)
Jewellery
 f - an amulet of faith
 q - an amulet of magic regeneration (around neck)
Talismans
 b - a beast talisman
 c - a flux talisman
 g - a maw talisman
 i - a talisman of death
Wands
 u - a wand of flame (37)
Scrolls
 d - 2 scrolls of immolation {unknown}
 h - a scroll of amnesia {unknown}
 j - 2 scrolls of teleportation {unknown}
 l - a scroll of torment {unknown}
 m - a scroll of enchant armour {unknown}
 n - 3 scrolls of revelation {unknown}
 o - a scroll of poison {unknown}
Potions
 e - 2 potions of magic {unknown}
 p - a potion of curing {unknown}
 r - a potion of enlightenment {unknown}
 s - a potion of ambrosia {unknown}
 t - a potion of might {unknown}
 v - a potion of mutation {unknown}


   Skills:
 - Level 1.0 Fighting
 - Level 2.0 Dodging
 * Level 6.0 Unarmed Combat
 + Level 4.4 Shapeshifting


You had 5 spell levels left.
You didn't know any spells.
Your spell library contained the following spells:

 Spells                   Type           Power      Damage    Failure   Level
 Manifold Assault         Tloc           0%         N/A       97%         4
 Dispersal                Tloc           0%         N/A       100%        6
 Disjunction              Tloc           0%         N/A       100%        8


Dungeon Overview and Level Annotations

Branches:
Dungeon (4/15)
 Temple: D:4-7

Altars:
Elyvilon

Shops:
D:2 !


Innate Abilities, Weirdness & Mutations

You are a tree.
Your roots penetrate the ground, keeping you stationary.
You cannot be teleported.
You are immune to unholy pain and torment.
Your maximum health is greatly increased.
You cannot wear most types of armour.
((You are amphibious.))
You can wear up to eight rings at the same time.
((Your skin changes colour to match your surroundings (Stealth+).))
((Your rubbery body absorbs attacks. (AC +1, EV +1)))
((You are camouflaged when in or above water. (Stealth+)))
((You have tentacles for arms and can constrict up to eight enemies at once.))


Message History

You tentacle-slap the bombardier beetle.
You squeeze the bombardier beetle.
You kill the bombardier beetle!
No target in view!
You see here a bombardier beetle corpse.
An adder comes into view.
The adder hisses angrily.
The adder closely misses you.
You barely miss the adder. You grab the adder. You constrict the adder.
The adder bites you.
You tentacle-slap the adder.
The adder is moderately wounded.
You constrict the adder. The adder misses you.
You tentacle-slap the adder.
The adder is severely wounded.
You constrict the adder. The adder barely misses you. The adder bites you.
You tentacle-slap the adder.
You kill the adder!
No target in view!
You see here an adder corpse.
You see here an adder corpse.
You open the door.
A dart slug comes into view.
The dart slug bites you.
There is an open door here.
You completely miss the dart slug. You grab the dart slug.
You constrict the dart slug. You tentacle-slap the dart slug.
The dart slug is moderately wounded.
You constrict the dart slug. The dart slug bites you.
You tentacle-slap the dart slug. You squeeze the dart slug.
You kill the dart slug!
Your Unarmed Combat skill increases to level 6!
An ogre comes into view. It is wielding a +0 giant club.
The ogre hits you with a +0 giant club!!
Ouch! That really hurt!
Your transformation has ended.
You turn into a tree.
Your roots penetrate the ground.
The ogre hits you with a +0 giant club!!
You die...

..# #..# ..###.##
......#
.#...########
............#
.....######.########
..#.### #...#§≈§§#
......# #.#.'.#O§
......## #.###≈♣#
†......# #†# #≈§≈≈#
#......#.##.########
#...[...#....#
#.#.##.###.....#
..#.# #.#....###
#...........##
##########... ####


You could see an ogre.

Vanquished Creatures
  Pargi (D:3)
  A bombardier beetle (D:4)
  Jessica (D:2)
  Natasha (thrice) (D:3)
  Robin (D:2)
  An adder (D:4)
  A dart slug (D:4)
  6 ball pythons
  3 bats (D:1)
  8 endoplasms
  2 giant cockroaches (D:1)
  14 goblins
  8 hobgoblins
  4 jackals (D:3)
  4 quokkas
  3 frilled lizards (D:1)
  4 kobolds
  6 rats
71 creatures vanquished.

Notes
Turn   | Place    | Note
-------+----------+-------------------------------------------
     0 | D:1      | TacoSundae the Octopode Shapeshifter began the quest for
                  | the Orb.
     0 | D:1      | Reached XP level 1. HP: 13/13 MP: 1/1
    87 | D:1      | Found a faded altar of an unknown god.
   105 | D:1      | Reached XP level 2. HP: 18/18 MP: 2/2
   416 | D:1      | Reached XP level 3. HP: 23/23 MP: 3/3
   442 | D:1      | You fall into a shaft and drop 1 floor!
   506 | D:2      | Found Hinep's Distillery.
   507 | D:2      | Noticed Jessica
   515 | D:2      | Killed Jessica
   516 | D:2      | Reached skill level 4 in Unarmed Combat
   528 | D:2      | Bought a potion of degeneration for 14 gold pieces
   668 | D:1      | Reached XP level 4. HP: 23/28 MP: 4/4
  1260 | D:2      | Noticed Robin
  1264 | D:2      | Killed Robin
  1396 | D:3      | Noticed Natasha
  1404 | D:3      | Killed Natasha
  1405 | D:3      | Reached XP level 5. HP: 6/33 MP: 5/5
  1657 | D:3      | Noticed Natasha
  1669 | D:3      | Killed Natasha
  1670 | D:3      | Reached skill level 5 in Unarmed Combat
  1713 | D:3      | Noticed Natasha
  1718 | D:3      | Killed Natasha
  1785 | D:3      | Found a white marble altar of Elyvilon.
  2059 | D:3      | Noticed Pargi
  2067 | D:3      | Killed Pargi
  2068 | D:3      | Reached XP level 6. HP: 38/38 MP: 6/6
  2281 | D:4      | Reached skill level 6 in Unarmed Combat
  2283 | D:4      | Slain by an ogre

Illustrated notes

Levels and vault maps discovered:
D:1:      nzn_arrival_depleted_hourglass, layout_rooms,
          shapermc_ecumenical_altar_mp_ritualfount, dreamdust_wishing_well,
          minmay_bisected
D:2:      layout_loops_ring, serial_shops, shop, st_stairs_7,
          wad_floor_pattern_1, uniq_robin, uniq_jessica
D:3:      layout_loops_ring, mainiacjoe_overflow_tiny_flanked, uniq_natasha,
          uniq_pargi
D:4:      layout_loops_ring, lemuel_coloured_pillars_altar,
          gammafunk_temple_overflow_elements, serial_shops,
          nicolae_shop_tiny_glass, kennysheep_mini, minmay_misc_feat_iff,
          kennysheep_generic_room_14, uniq_duvessa

Skill      XL: |  1  2  3  4  5  6 |
---------------+-------------------+-----
Unarmed Combat | 4 5 6 |  6.0
Shapeshifting  | 4 |  4.4
Fighting       | |  1.0
Dodging        | |  2.0

Action                     |  1- 3 |  4- 6 || total
---------------------------+-------+-------++-------
  Melee: Unarmed           |    49 |    79 ||   128
         Constrict         |    12 |    20 ||    32
         Tentacles         |     8 |    15 ||    23
         Punch             |     2 |     2 ||     4
  Evoke: Wand              |       |     6 ||     6
    Use: Potion            |       |     2 ||     2
   Stab: Sleeping          |     4 |     6 ||    10
 Armour: Skin              |    17 |    35 ||    52
  Dodge: Dodged            |    40 |    33 ||    73
